| Goals | Penalties |
1. Eagles , Zack MacEwen 14 (Leo Carlsson 24) at 8:19
|
No Penalty
|
No Goal
|
No Penalty
|
2. Heat , Mackie Samoskevich 10 (Hunter Drew 1, Henry Thrun 10) at 19:55
|
No Penalty
|
3. Heat , Adam Fantilli 17 (Hudson Elynuik 3, Daniil Misyul 1) at 0:08
|
No Penalty
|
|
Henrik Tikkanen (CAL), 21 saves from 22 shots - (0,955), W, 21-24-6, 59:16 minutes
Collin Delia (COL), 11 saves from 13 shots - (0,846), OTL, 29-17-6, 60:08 minutes
|
|
1 - Zack MacEwen (COL)
2 - Adam Fantilli (CAL)
3 - Mackie Samoskevich (CAL)
|
Referees : Garrett Rank and Chris Rooney
Linesman : Derek Morris and Daniel Negreanu
|
|
| No Game Note
|
| Team Name |
Goals |
Shots |
Shots Attemp |
Shots Blocked |
PIM |
HIT |
PP |
PK |
FO% |
| Heat |
2 | 13 | 20 | 7 | 0 | 10 | 0 / 0 (0% | 0 | 40% |
| Eagles |
1 | 22 | 47 | 0 | 0 | 17 | 0 / 0 (0% | 0 | 60% |
Heat
| Player Name |
POS |
G |
A |
P |
+/- |
PIM |
HIT |
SHT |
SB |
MP |
PP MP |
PP SHT |
PK MP |
PK SHT |
FO% |
FOT |
GA |
TA |
| Adam Fantilli | C | 1 | 0 | 1 | 0 | 0 | 2 | 2 | 2 | 22:24 | 0:00 | 0 | 0:00 | 0 | 46% |
13 | 1 | 0 |
| Ben King | C | 0 | 0 | 0 | 0 | 0 | 0 | 1 | 0 | 16:22 | 0:00 | 0 | 0:00 | 0 | 50% |
6 | 0 | 1 |
| Casey Fitzgerald | D | 0 | 0 | 0 | 0 | 0 | 0 | 0 | 0 | 27:07 | 0:00 | 0 | 0:00 | 0 | 0% |
0 | 0 | 1 |
| Daniil Misyul | D | 0 | 1 | 1 | 1 | 0 | 0 | 0 | 0 | 11:51 | 0:00 | 0 | 0:00 | 0 | 0% |
0 | 0 | 0 |
| Dryden Hunt | LW/RW | 0 | 0 | 0 | -1 | 0 | 1 | 0 | 0 | 22:08 | 0:00 | 0 | 0:00 | 0 | 0% |
1 | 0 | 0 |
| Eemil Viro | D | 0 | 0 | 0 | 0 | 0 | 0 | 0 | 0 | 0:00 | 0:00 | 0 | 0:00 | 0 | 0% |
0 | 0 | 0 |
| Eric Staal | C | 0 | 0 | 0 | 1 | 0 | 0 | 2 | 0 | 9:41 | 0:00 | 0 | 0:00 | 0 | 50% |
4 | 1 | 0 |
| Filip Hallander | C | 0 | 0 | 0 | 0 | 0 | 2 | 1 | 0 | 20:45 | 0:00 | 0 | 0:00 | 0 | 33% |
9 | 0 | 0 |
| Henry Thrun | D | 0 | 1 | 1 | 0 | 0 | 0 | 0 | 0 | 23:10 | 0:00 | 0 | 0:00 | 0 | 0% |
0 | 1 | 0 |
| Hudson Elynuik | C/LW/RW | 0 | 1 | 1 | 1 | 0 | 0 | 0 | 1 | 18:00 | 0:00 | 0 | 0:00 | 0 | 0% |
0 | 0 | 0 |
| Hunter Drew | RW | 0 | 1 | 1 | 1 | 0 | 1 | 2 | 0 | 14:28 | 0:00 | 0 | 0:00 | 0 | 0% |
0 | 0 | 0 |
| Ilya Solovyov | D | 0 | 0 | 0 | 0 | 0 | 0 | 0 | 0 | 0:43 | 0:00 | 0 | 0:00 | 0 | 0% |
0 | 0 | 0 |
| Jacob Moverare | D | 0 | 0 | 0 | 0 | 0 | 1 | 0 | 1 | 20:59 | 0:00 | 0 | 0:00 | 0 | 0% |
0 | 0 | 0 |
| Jonathan Toews | C | 0 | 0 | 0 | 0 | 0 | 1 | 1 | 0 | 19:12 | 0:00 | 0 | 0:00 | 0 | 0% |
0 | 1 | 0 |
| Keaton Middleton | D | 0 | 0 | 0 | 0 | 0 | 0 | 0 | 1 | 20:59 | 0:00 | 0 | 0:00 | 0 | 0% |
0 | 0 | 0 |
| Mackie Samoskevich | RW | 1 | 0 | 1 | 0 | 0 | 1 | 4 | 2 | 22:41 | 0:00 | 0 | 0:00 | 0 | 0% |
1 | 0 | 0 |
| Olen Zellweger | D | 0 | 0 | 0 | 0 | 0 | 0 | 0 | 0 | 17:25 | 0:00 | 0 | 0:00 | 0 | 0% |
0 | 0 | 0 |
| Sasha Pastujov | LW/RW | 0 | 0 | 0 | 0 | 0 | 1 | 0 | 0 | 12:29 | 0:00 | 0 | 0:00 | 0 | 0% |
1 | 0 | 0 |
Eagles
| Player Name |
POS |
G |
A |
P |
+/- |
PIM |
HIT |
SHT |
SB |
MP |
PP MP |
PP SHT |
PK MP |
PK SHT |
FO% |
FOT |
GA |
TA |
| Alex Alexeyev | D | 0 | 0 | 0 | -1 | 0 | 1 | 4 | 0 | 25:49 | 0:00 | 0 | 0:00 | 0 | 0% |
0 | 0 | 0 |
| Brett Leason | RW | 0 | 0 | 0 | 0 | 0 | 3 | 2 | 0 | 19:51 | 0:00 | 0 | 0:00 | 0 | 0% |
0 | 0 | 0 |
| Daniel Walcott | LW | 0 | 0 | 0 | -1 | 0 | 0 | 0 | 0 | 2:49 | 0:00 | 0 | 0:00 | 0 | 0% |
0 | 0 | 0 |
| Gage Goncalves | LW | 0 | 0 | 0 | 0 | 0 | 0 | 2 | 0 | 17:07 | 0:00 | 0 | 0:00 | 0 | 0% |
0 | 0 | 0 |
| Henrik Borgstrom | C | 0 | 0 | 0 | 0 | 0 | 0 | 0 | 0 | 8:21 | 0:00 | 0 | 0:00 | 0 | 100% |
1 | 0 | 0 |
| Jett Woo | D | 0 | 0 | 0 | 0 | 0 | 1 | 0 | 0 | 11:39 | 0:00 | 0 | 0:00 | 0 | 0% |
0 | 0 | 1 |
| John Ludvig | D | 0 | 0 | 0 | 0 | 0 | 0 | 0 | 0 | 2:34 | 0:00 | 0 | 0:00 | 0 | 0% |
0 | 0 | 1 |
| Jonny Brodzinski | C | 0 | 0 | 0 | -2 | 0 | 0 | 4 | 0 | 20:51 | 0:00 | 0 | 0:00 | 0 | 69% |
16 | 0 | 1 |
| Kyle Clifford | LW | 0 | 0 | 0 | 1 | 0 | 3 | 1 | 0 | 18:02 | 0:00 | 0 | 0:00 | 0 | 0% |
0 | 1 | 0 |
| Lauri Pajuniemi | RW | 0 | 0 | 0 | -1 | 0 | 1 | 0 | 0 | 19:23 | 0:00 | 0 | 0:00 | 0 | 0% |
2 | 0 | 0 |
| Leo Carlsson | C | 0 | 1 | 1 | 1 | 0 | 1 | 0 | 0 | 18:33 | 0:00 | 0 | 0:00 | 0 | 50% |
6 | 0 | 0 |
| Lias Andersson | C/LW | 0 | 0 | 0 | 0 | 0 | 1 | 1 | 0 | 18:01 | 0:00 | 0 | 0:00 | 0 | 71% |
7 | 0 | 1 |
| Matt Irwin | D | 0 | 0 | 0 | 1 | 0 | 1 | 2 | 0 | 22:38 | 0:00 | 0 | 0:00 | 0 | 0% |
0 | 0 | 0 |
| Matthew Peca | C/LW | 0 | 0 | 0 | -1 | 0 | 1 | 0 | 0 | 18:19 | 0:00 | 0 | 0:00 | 0 | 50% |
2 | 1 | 0 |
| Pavel Mintyukov | D | 0 | 0 | 0 | -2 | 0 | 1 | 0 | 0 | 21:13 | 0:00 | 0 | 0:00 | 0 | 0% |
0 | 0 | 0 |
| Ryker Evans | D | 0 | 0 | 0 | 0 | 0 | 0 | 0 | 0 | 14:09 | 0:00 | 0 | 0:00 | 0 | 0% |
0 | 0 | 0 |
| Ty Emberson | D | 0 | 0 | 0 | 1 | 0 | 0 | 2 | 0 | 22:41 | 0:00 | 0 | 0:00 | 0 | 0% |
0 | 0 | 0 |
| Zack MacEwen | RW | 1 | 0 | 1 | 1 | 0 | 3 | 4 | 0 | 18:24 | 0:00 | 0 | 0:00 | 0 | 0% |
1 | 0 | 0 |
Heat
| 5 vs 5 Forward |
|---|
| Line # | Left Wing | Center | Right Wing | PHY | DF | OF | Wanted % | Time % | Time Play |
| 1 | Mackie Samoskevich | Adam Fantilli | Dryden Hunt | 1 | 2 | 2 | 40 | 30% | 17:28
|
| 2 | Dryden Hunt | Filip Hallander | Adam Fantilli | 1 | 2 | 2 | 30 | 28% | 16:46
|
| 3 | Dryden Hunt | Adam Fantilli | Mackie Samoskevich | 1 | 2 | 2 | 20 | 11% | 6:41
|
| 4 | Mackie Samoskevich | Filip Hallander | Jonathan Toews | 1 | 2 | 2 | 10 | 30% | 17:56
|
| 5 vs 5 Defense |
|---|
| Line # | Defense | Defense | | PHY | DF | OF | Wanted % | Time % | Time Play |
| 1 | Henry Thrun | Casey Fitzgerald | | 1 | 2 | 2 | 40 | 33% | 19:42
|
| 2 | Olen Zellweger | Casey Fitzgerald | | 1 | 2 | 2 | 30 | 30% | 17:32
|
| 3 | Jacob Moverare | Keaton Middleton | | 1 | 2 | 2 | 20 | 32% | 19:07
|
| 4 | Casey Fitzgerald | Henry Thrun | | 1 | 2 | 2 | 10 | 4% | 2:30
|
| Power Play Forward |
|---|
| Line # | Left Wing | Center | Right Wing | PHY | DF | OF | Wanted % | Time % | Time Play |
| 1 | Mackie Samoskevich | Adam Fantilli | Dryden Hunt | 1 | 2 | 2 | 60 | 0% | 0:00
|
| 2 | Mackie Samoskevich | Filip Hallander | Adam Fantilli | 1 | 2 | 2 | 40 | 0% | 0:00
|
| Power Play Defense |
|---|
| Line # | Defense | Defense | | PHY | DF | OF | Wanted % | Time % | Time Play |
| 1 | Casey Fitzgerald | Henry Thrun | | 1 | 2 | 2 | 60 | 0% | 0:00
|
| 2 | Casey Fitzgerald | Olen Zellweger | | 1 | 2 | 2 | 40 | 0% | 0:00
|
| Penalty Kill 4 Players Forward |
|---|
| Line # | Center | Wing | PHY | DF | OF | Wanted % | Time % | Time Play |
| 1 | Mackie Samoskevich | Adam Fantilli | 1 | 2 | 2 | 60 | 0% | 0:00
|
| 2 | Mackie Samoskevich | Adam Fantilli | 1 | 2 | 2 | 40 | 0% | 0:00
|
| Penalty Kill 4 Players Defense |
|---|
| Line # | Defense | Defense | PHY | DF | OF | Wanted % | Time % | Time Play |
| 1 | Henry Thrun | Casey Fitzgerald | 1 | 2 | 2 | 60 | 0% | 0:00
|
| 2 | Casey Fitzgerald | Henry Thrun | 1 | 2 | 2 | 40 | 0% | 0:00
|
| Penalty Kill 3 Players |
|---|
| Line # | Wing | PHY | DF | OF | Wanted % | Time % | Time Play | Defense | Defense | PHY | DF | OF | Wanted % | Time % | Time Play |
| 1 | Adam Fantilli | 1 | 2 | 2 | 60 | 0% | 0:00
| Henry Thrun | Casey Fitzgerald | 1 | 2 | 2 | 60 | 0% | 0:00
|
| 2 | Mackie Samoskevich | 1 | 2 | 2 | 40 | 0% | 0:00
| Casey Fitzgerald | Henry Thrun | 1 | 2 | 2 | 40 | 0% | 0:00
|
| 4 vs 4 Forward |
|---|
| Line # | Center | Wing | PHY | DF | OF | Wanted % | Time % | Time Play |
| 1 | Adam Fantilli | Mackie Samoskevich | 1 | 2 | 2 | 60 | 0% | 0:00
|
| 2 | Adam Fantilli | Mackie Samoskevich | 1 | 2 | 2 | 40 | 0% | 0:00
|
| 4 vs 4 Defense |
|---|
| Line # | Defense | | PHY | DF | OF | Wanted % | Time % | Time Play |
| 1 | Casey Fitzgerald | Jacob Moverare | 1 | 2 | 2 | 60 | 0% | 0:00
|
| 2 | Casey Fitzgerald | Keaton Middleton | 1 | 2 | 2 | 40 | 0% | 0:00
|
| Last Minutes Offensive |
|---|
| Left Wing | Center | Right Wing | Defense | Defense |
| Mackie Samoskevich | Adam Fantilli | Dryden Hunt | Henry Thrun | Casey Fitzgerald |
| Last Minutes Defensive |
|---|
| Left Wing | Center | Right Wing | Defense | Defense |
| Mackie Samoskevich | Adam Fantilli | Dryden Hunt | Henry Thrun | Casey Fitzgerald |
| Time |
|---|
| Total Forward | Total Defense | Last Minutes Offensive | Last Minutes Defensive |
| 60:00 |
60:00 |
1:09 | 0:00 |
| Extra Forwards |
|---|
| Normal | PowerPlay | Penalty Kill |
|
Adam Fantilli, Mackie Samoskevich, Filip Hallander | Mackie Samoskevich, Adam Fantilli | Adam Fantilli |
| Extra Defensemen |
|---|
| Normal | PowerPlay | Penalty Kill |
|
Casey Fitzgerald, Jacob Moverare, Olen Zellweger | Casey Fitzgerald, Keaton Middleton | Casey Fitzgerald |
| Penalty Shots |
|---|
|
Mackie Samoskevich, Filip Hallander, Adam Fantilli, Dryden Hunt, Jonathan Toews |
| Goalie |
|---|
| Henrik Tikkanen, Isaiah Saville |
| Scratches |
|---|
|
Adam Sykora (Healthy), Bradley Marek (Healthy), Connor McClennon (Healthy), Chase Pearson (Healthy), Jayden Grubbe (Healthy)
Lucas Ciona (Healthy), Luke Philp (Healthy), Tye Felhaber (Healthy), Curtis Hall (Healthy), Greg Printz (Healthy)
Luka Burzan (Healthy), Ethan Keppen (Healthy), Adam Wilsby (Left Knee Injury), Tyson Kozak (Healthy), Cam Johnson (Healthy)
Dylan St. Cyr (Healthy) |
Eagles
| 5 vs 5 Forward |
|---|
| Line # | Left Wing | Center | Right Wing | PHY | DF | OF | Wanted % | Time % | Time Play |
| 1 | Matthew Peca | Jonny Brodzinski | Brett Leason | 1 | 2 | 2 | 34 | 25% | 14:28
|
| 2 | Kyle Clifford | Leo Carlsson | Zack MacEwen | 1 | 2 | 2 | 30 | 35% | 20:31
|
| 3 | Gage Goncalves | Lias Andersson | Lauri Pajuniemi | 0 | 3 | 2 | 26 | 29% | 16:54
|
| 4 | Jonny Brodzinski | Henrik Borgstrom | Brett Leason | 1 | 2 | 2 | 10 | 12% | 6:57
|
| 5 vs 5 Defense |
|---|
| Line # | Defense | Defense | | PHY | DF | OF | Wanted % | Time % | Time Play |
| 1 | Alex Alexeyev | Pavel Mintyukov | | 1 | 2 | 2 | 40 | 31% | 18:23
|
| 2 | Matt Irwin | Ty Emberson | | 1 | 2 | 2 | 30 | 43% | 25:06
|
| 3 | Ryker Evans | Alex Alexeyev | | 1 | 2 | 2 | 20 | 18% | 10:37
|
| 4 | Jett Woo | Alex Alexeyev | | 1 | 2 | 2 | 10 | 8% | 4:44
|
| Power Play Forward |
|---|
| Line # | Left Wing | Center | Right Wing | PHY | DF | OF | Wanted % | Time % | Time Play |
| 1 | Matthew Peca | Jonny Brodzinski | Brett Leason | 1 | 2 | 2 | 50 | 0% | 0:00
|
| 2 | Kyle Clifford | Leo Carlsson | Zack MacEwen | 1 | 2 | 2 | 50 | 0% | 0:00
|
| Power Play Defense |
|---|
| Line # | Defense | Defense | | PHY | DF | OF | Wanted % | Time % | Time Play |
| 1 | Alex Alexeyev | Pavel Mintyukov | | 1 | 2 | 2 | 60 | 0% | 0:00
|
| 2 | Matt Irwin | Ty Emberson | | 1 | 2 | 2 | 40 | 0% | 0:00
|
| Penalty Kill 4 Players Forward |
|---|
| Line # | Center | Wing | PHY | DF | OF | Wanted % | Time % | Time Play |
| 1 | Jonny Brodzinski | Matthew Peca | 1 | 2 | 2 | 60 | 0% | 0:00
|
| 2 | Leo Carlsson | Kyle Clifford | 1 | 2 | 2 | 40 | 0% | 0:00
|
| Penalty Kill 4 Players Defense |
|---|
| Line # | Defense | Defense | PHY | DF | OF | Wanted % | Time % | Time Play |
| 1 | Alex Alexeyev | Pavel Mintyukov | 1 | 2 | 2 | 60 | 0% | 0:00
|
| 2 | Matt Irwin | Ty Emberson | 1 | 2 | 2 | 40 | 0% | 0:00
|
| Penalty Kill 3 Players |
|---|
| Line # | Wing | PHY | DF | OF | Wanted % | Time % | Time Play | Defense | Defense | PHY | DF | OF | Wanted % | Time % | Time Play |
| 1 | Jonny Brodzinski | 1 | 2 | 2 | 60 | 0% | 0:00
| Alex Alexeyev | Pavel Mintyukov | 1 | 2 | 2 | 60 | 0% | 0:00
|
| 2 | Leo Carlsson | 1 | 2 | 2 | 40 | 0% | 0:00
| Matt Irwin | Ty Emberson | 1 | 2 | 2 | 40 | 0% | 0:00
|
| 4 vs 4 Forward |
|---|
| Line # | Center | Wing | PHY | DF | OF | Wanted % | Time % | Time Play |
| 1 | Jonny Brodzinski | Matthew Peca | 1 | 2 | 2 | 60 | 0% | 0:00
|
| 2 | Leo Carlsson | Kyle Clifford | 1 | 2 | 2 | 40 | 0% | 0:00
|
| 4 vs 4 Defense |
|---|
| Line # | Defense | | PHY | DF | OF | Wanted % | Time % | Time Play |
| 1 | Alex Alexeyev | Pavel Mintyukov | 1 | 2 | 2 | 60 | 0% | 0:00
|
| 2 | Matt Irwin | Ty Emberson | 1 | 2 | 2 | 40 | 0% | 0:00
|
| Last Minutes Offensive |
|---|
| Left Wing | Center | Right Wing | Defense | Defense |
| Matthew Peca | Jonny Brodzinski | Brett Leason | Alex Alexeyev | Pavel Mintyukov |
| Last Minutes Defensive |
|---|
| Left Wing | Center | Right Wing | Defense | Defense |
| Matthew Peca | Jonny Brodzinski | Brett Leason | Alex Alexeyev | Pavel Mintyukov |
| Time |
|---|
| Total Forward | Total Defense | Last Minutes Offensive | Last Minutes Defensive |
| 60:00 |
60:00 |
0:00 | 1:10 |
| Extra Forwards |
|---|
| Normal | PowerPlay | Penalty Kill |
|
Lias Andersson, Matthew Peca, Kyle Clifford | Lias Andersson, Matthew Peca | Lias Andersson |
| Extra Defensemen |
|---|
| Normal | PowerPlay | Penalty Kill |
|
Ryker Evans, Alex Alexeyev, Jett Woo | Ryker Evans, Ryker Evans | Alex Alexeyev |
| Penalty Shots |
|---|
|
Brett Leason, Jonny Brodzinski, Zack MacEwen, Leo Carlsson, Lias Andersson |
| Goalie |
|---|
| Collin Delia, Ivan Fedotov |
| Scratches |
|---|
|
Kyle Masters (Healthy), Tyler Sikura (Healthy), Hunter Skinner (Healthy), Sampo Ranta (Healthy), Jasper Weatherby (Healthy)
Simon Lundmark (Healthy), Aleksandr Kisakov (Healthy), Alexei Kolosov (Healthy), Tomas Suchanek (Healthy), Evan Fitzpatrick (Healthy) |
Play-by-Play
1st period
0:01 of 1st period - Jonny Brodzinski wins face-off versus Adam Fantilli in neutral zone.
0:25 of 1st period - Mackie Samoskevich is hit by Zack MacEwen and loses puck.
0:38 of 1st period - Snap shot by Zack MacEwen.
0:38 of 1st period - Stopped by Henrik Tikkanen without a rebound.
0:39 of 1st period - Filip Hallander wins face-off versus Lias Andersson in Heat zone.
0:46 of 1st period - Slapshot by Lauri Pajuniemi.
0:46 of 1st period - Shot Misses the Net.
1:36 of 1st period - Casey Fitzgerald is hit by Brett Leason and loses puck.
7:37 of 1st period - Icing by Ben King.
7:38 of 1st period - Ben King wins face-off versus Leo Carlsson in Heat zone.
7:54 of 1st period - Icing by Casey Fitzgerald.
7:55 of 1st period - Jonny Brodzinski wins face-off versus Filip Hallander in Heat zone.
7:56 of 1st period - Snap shot by Brett Leason.
7:56 of 1st period - Shot Blocked by Mackie Samoskevich.
7:58 of 1st period - Snap shot by Jonny Brodzinski.
7:58 of 1st period - Stopped by Henrik Tikkanen with a rebound.
8:00 of 1st period - Slapshot by Alex Alexeyev.
8:00 of 1st period - Shot Blocked by Mackie Samoskevich.
8:13 of 1st period - Icing by Filip Hallander.
8:14 of 1st period - Leo Carlsson wins face-off versus Dryden Hunt in Heat zone.
8:19 of 1st period - Snap shot by Zack MacEwen.
8:19 of 1st period - Goal by Zack MacEwen - Heat : 0 - Eagles : 1.
8:20 of 1st period - Jonny Brodzinski wins face-off versus Mackie Samoskevich in neutral zone.
8:25 of 1st period - Snap shot by Jonny Brodzinski.
8:25 of 1st period - Shot Misses the Net.
8:27 of 1st period - Snap shot by Alex Alexeyev.
8:27 of 1st period - Shot Misses the Net.
8:29 of 1st period - Wrist shot by Matthew Peca.
8:29 of 1st period - Shot Misses the Net.
8:31 of 1st period - Snap shot by Alex Alexeyev.
8:31 of 1st period - Stopped by Henrik Tikkanen with a rebound.
8:45 of 1st period - Dryden Hunt is hit by Kyle Clifford and loses puck.
8:54 of 1st period - Wrist shot by Zack MacEwen.
8:54 of 1st period - Stopped by Henrik Tikkanen with a rebound.
8:56 of 1st period - Wrist shot by Leo Carlsson.
8:56 of 1st period - Shot Blocked by Adam Fantilli.
8:58 of 1st period - Snap shot by Leo Carlsson.
8:58 of 1st period - Shot Misses the Net.
9:58 of 1st period - Backhand shot by Brett Leason.
9:58 of 1st period - Stopped by Henrik Tikkanen without a rebound.
9:59 of 1st period - Lias Andersson wins face-off versus Adam Fantilli in Heat zone.
10:04 of 1st period - Wrist shot by Gage Goncalves.
10:04 of 1st period - Stopped by Henrik Tikkanen with a rebound.
11:12 of 1st period - Snap shot by Gage Goncalves.
11:12 of 1st period - Deflect By Dryden Hunt.
11:12 of 1st period - Shot Hit the Post.
11:12 of 1st period - Puck is out of play.
11:13 of 1st period - Jonny Brodzinski wins face-off versus Adam Fantilli in Heat zone.
11:20 of 1st period - Wrist shot by Brett Leason.
11:20 of 1st period - Shot Hit the Post.
11:40 of 1st period - Slapshot by Zack MacEwen.
11:40 of 1st period - Shot Misses the Net.
12:04 of 1st period - Slapshot by Gage Goncalves.
12:04 of 1st period - Stopped by Henrik Tikkanen without a rebound.
12:05 of 1st period - Matthew Peca wins face-off versus Adam Fantilli in Heat zone.
12:39 of 1st period - Snap shot by Leo Carlsson.
12:39 of 1st period - Shot Blocked by Jacob Moverare.
14:03 of 1st period - Slapshot by Jonny Brodzinski.
14:03 of 1st period - Shot Misses the Net.
16:50 of 1st period - Lias Andersson is hit by Jacob Moverare.
18:29 of 1st period - Matthew Peca is hit by Sasha Pastujov and loses puck.
19:59 of 1st period - Icing by Daniil Misyul.
Goals for this period are 0 for Heat vs 1 for Eagles.
Shots for this period are 0 for Heat vs 8 for Eagles.
2nd period
0:01 of 2nd period - Adam Fantilli wins face-off versus Jonny Brodzinski in neutral zone.
0:28 of 2nd period - Slapshot by Pavel Mintyukov.
0:28 of 2nd period - Shot Misses the Net.
1:08 of 2nd period - Wrist shot by Brett Leason.
1:08 of 2nd period - Stopped by Henrik Tikkanen with a rebound.
1:45 of 2nd period - Icing by Ty Emberson.
1:46 of 2nd period - Leo Carlsson wins face-off versus Ben King in Eagles zone.
2:02 of 2nd period - Brett Leason is hit by Hunter Drew and loses puck.
2:21 of 2nd period - Keaton Middleton is hit by Leo Carlsson and loses puck.
2:32 of 2nd period - Wrist shot by Zack MacEwen.
2:32 of 2nd period - Deflect By Kyle Clifford.
2:32 of 2nd period - Stopped by Henrik Tikkanen with a rebound.
2:34 of 2nd period - Slapshot by Ty Emberson.
2:34 of 2nd period - Shot Blocked by Keaton Middleton.
2:48 of 2nd period - Snap shot by Adam Fantilli.
2:48 of 2nd period - Stopped by Collin Delia without a rebound.
2:49 of 2nd period - Lias Andersson wins face-off versus Ben King in Eagles zone.
2:56 of 2nd period - Icing by Dryden Hunt.
2:57 of 2nd period - Lias Andersson wins face-off versus Ben King in Heat zone.
3:25 of 2nd period - Icing by Dryden Hunt.
3:26 of 2nd period - Ben King wins face-off versus Leo Carlsson in Heat zone.
3:59 of 2nd period - Slapshot by Jonathan Toews.
3:59 of 2nd period - Stopped by Collin Delia with a rebound.
4:27 of 2nd period - Icing by Dryden Hunt.
4:28 of 2nd period - Jonny Brodzinski wins face-off versus Filip Hallander in Heat zone.
4:53 of 2nd period - Dryden Hunt is hit by Kyle Clifford.
4:59 of 2nd period - Slapshot by Alex Alexeyev.
4:59 of 2nd period - Stopped by Henrik Tikkanen with a rebound.
5:31 of 2nd period - Hudson Elynuik is hit by Brett Leason and loses puck.
5:58 of 2nd period - Slapshot by Hudson Elynuik.
5:58 of 2nd period - Shot Misses the Net.
6:10 of 2nd period - Wrist shot by Filip Hallander.
6:10 of 2nd period - Stopped by Collin Delia without a rebound.
6:11 of 2nd period - Jonny Brodzinski wins face-off versus Adam Fantilli in Eagles zone.
6:11 of 2nd period - Jonny Brodzinski is hit by Mackie Samoskevich.
6:37 of 2nd period - Olen Zellweger is hit by Pavel Mintyukov and loses puck.
6:56 of 2nd period - Snap shot by Ben King.
6:56 of 2nd period - Stopped by Collin Delia with a rebound.
7:30 of 2nd period - Keaton Middleton is hit by Matthew Peca and loses puck.
7:59 of 2nd period - Casey Fitzgerald is hit by Matt Irwin and loses puck.
8:21 of 2nd period - Sasha Pastujov is hit by Jett Woo and loses puck.
8:57 of 2nd period - Hudson Elynuik is hit by Zack MacEwen.
9:29 of 2nd period - Icing by Ryker Evans.
9:30 of 2nd period - Lias Andersson wins face-off versus Filip Hallander in Eagles zone.
10:02 of 2nd period - Slapshot by Matt Irwin.
10:02 of 2nd period - Stopped by Henrik Tikkanen with a rebound.
10:18 of 2nd period - Wrist shot by Jonny Brodzinski.
10:18 of 2nd period - Stopped by Henrik Tikkanen with a rebound.
10:20 of 2nd period - Snap shot by Brett Leason.
10:20 of 2nd period - Shot Misses the Net.
13:26 of 2nd period - Brett Leason is hit by Dryden Hunt and loses puck.
13:49 of 2nd period - Snap shot by Matthew Peca.
13:49 of 2nd period - Shot Misses the Net.
18:49 of 2nd period - Mackie Samoskevich is hit by Kyle Clifford.
19:00 of 2nd period - Icing by Henry Thrun.
19:01 of 2nd period - Henrik Borgstrom wins face-off versus Filip Hallander in Heat zone.
Goals for this period are 0 for Heat vs 0 for Eagles.
Shots for this period are 4 for Heat vs 5 for Eagles.
3rd period
0:01 of 3rd period - Jonny Brodzinski wins face-off versus Adam Fantilli in neutral zone.
0:10 of 3rd period - Mackie Samoskevich is hit by Brett Leason and loses puck.
1:48 of 3rd period - Jacob Moverare is hit by Zack MacEwen and loses puck.
3:07 of 3rd period - Slapshot by Ty Emberson.
3:07 of 3rd period - Stopped by Henrik Tikkanen with a rebound.
3:09 of 3rd period - Backhand shot by Alex Alexeyev.
3:09 of 3rd period - Stopped by Henrik Tikkanen without a rebound.
3:10 of 3rd period - Adam Fantilli wins face-off versus Zack MacEwen in Heat zone.
3:29 of 3rd period - Slapshot by Matt Irwin.
3:29 of 3rd period - Stopped by Henrik Tikkanen with a rebound.
4:54 of 3rd period - Icing by Henry Thrun.
4:55 of 3rd period - Filip Hallander wins face-off versus Lias Andersson in Heat zone.
5:00 of 3rd period - Gage Goncalves is hit by Adam Fantilli and loses puck.
5:17 of 3rd period - Casey Fitzgerald is hit by Alex Alexeyev and loses puck.
5:35 of 3rd period - Icing by Casey Fitzgerald.
5:36 of 3rd period - Adam Fantilli wins face-off versus Jonny Brodzinski in Heat zone.
6:16 of 3rd period - Wrist shot by Jonny Brodzinski.
6:16 of 3rd period - Stopped by Henrik Tikkanen with a rebound.
6:18 of 3rd period - Wrist shot by Jonny Brodzinski.
6:18 of 3rd period - Stopped by Henrik Tikkanen without a rebound.
6:19 of 3rd period - Adam Fantilli wins face-off versus Jonny Brodzinski in Heat zone.
6:24 of 3rd period - Ty Emberson is hit by Adam Fantilli and loses puck.
6:58 of 3rd period - Slapshot by Matt Irwin.
6:58 of 3rd period - Shot Blocked by Hudson Elynuik.
7:07 of 3rd period - Icing by Brett Leason.
7:08 of 3rd period - Lias Andersson wins face-off versus Filip Hallander in Eagles zone.
7:23 of 3rd period - Slapshot by Lauri Pajuniemi.
7:23 of 3rd period - Shot Misses the Net.
7:35 of 3rd period - Pavel Mintyukov is hit by Jonathan Toews and loses puck.
7:42 of 3rd period - Snap shot by Alex Alexeyev.
7:42 of 3rd period - Stopped by Henrik Tikkanen without a rebound.
7:43 of 3rd period - Adam Fantilli wins face-off versus Leo Carlsson in Heat zone.
7:59 of 3rd period - Snap shot by Zack MacEwen.
7:59 of 3rd period - Stopped by Henrik Tikkanen without a rebound.
8:00 of 3rd period - Jonny Brodzinski wins face-off versus Filip Hallander in Heat zone.
8:25 of 3rd period - Backhand shot by Gage Goncalves.
8:25 of 3rd period - Shot Blocked by Adam Fantilli.
8:27 of 3rd period - Snap shot by Lauri Pajuniemi.
8:27 of 3rd period - Shot Misses the Net.
8:29 of 3rd period - Wrist shot by Matt Irwin.
8:29 of 3rd period - Deflect By Lias Andersson.
8:29 of 3rd period - Stopped by Henrik Tikkanen without a rebound.
8:30 of 3rd period - Filip Hallander wins face-off versus Lauri Pajuniemi in Heat zone.
8:30 of 3rd period - Filip Hallander is hit by Lias Andersson.
10:01 of 3rd period - Henry Thrun is hit by Lauri Pajuniemi and loses puck.
10:17 of 3rd period - Snap shot by Lauri Pajuniemi.
10:17 of 3rd period - Shot Misses the Net.
10:49 of 3rd period - Slapshot by Ty Emberson.
10:49 of 3rd period - Stopped by Henrik Tikkanen without a rebound.
10:50 of 3rd period - Jonny Brodzinski wins face-off versus Sasha Pastujov in Heat zone.
10:51 of 3rd period - Slapshot by Pavel Mintyukov.
10:51 of 3rd period - Deflect By Brett Leason.
10:51 of 3rd period - Shot Misses the Net.
10:51 of 3rd period - Puck is out of play.
10:52 of 3rd period - Ben King wins face-off versus Matthew Peca in Heat zone.
11:01 of 3rd period - Wrist shot by Jonny Brodzinski.
11:01 of 3rd period - Shot Misses the Net.
11:17 of 3rd period - Leo Carlsson is hit by Filip Hallander and loses puck.
13:26 of 3rd period - Leo Carlsson is hit by Filip Hallander and loses puck.
18:59 of 3rd period - Off-side.
19:00 of 3rd period - Glen Gulutzan call a timeout for Heat.
19:00 of 3rd period - Eric Staal wins face-off versus Jonny Brodzinski in neutral zone.
19:03 of 3rd period - Heat, Henrik Tikkanen is pulled from the net.
19:05 of 3rd period - Wrist shot by Eric Staal.
19:05 of 3rd period - Shot Misses the Net.
19:07 of 3rd period - Backhand shot by Hunter Drew.
19:07 of 3rd period - Stopped by Collin Delia without a rebound.
19:08 of 3rd period - Jonny Brodzinski wins face-off versus Eric Staal in Eagles zone.
19:21 of 3rd period - Wrist shot by Mackie Samoskevich.
19:21 of 3rd period - Stopped by Collin Delia without a rebound.
19:22 of 3rd period - Jonny Brodzinski wins face-off versus Eric Staal in Eagles zone.
19:27 of 3rd period - Snap shot by Jonny Brodzinski.
19:27 of 3rd period - Shot Misses the Net.
19:33 of 3rd period - Wrist shot by Mackie Samoskevich.
19:33 of 3rd period - Stopped by Collin Delia with a rebound.
19:35 of 3rd period - Snap shot by Mackie Samoskevich.
19:35 of 3rd period - Deflect By Eric Staal.
19:35 of 3rd period - Stopped by Collin Delia without a rebound.
19:36 of 3rd period - Eric Staal wins face-off versus Lauri Pajuniemi in Eagles zone.
19:39 of 3rd period - Snap shot by Mackie Samoskevich.
19:39 of 3rd period - Shot Misses the Net.
19:41 of 3rd period - Snap shot by Eric Staal.
19:41 of 3rd period - Stopped by Collin Delia with a rebound.
19:43 of 3rd period - Wrist shot by Hunter Drew.
19:43 of 3rd period - Stopped by Collin Delia with a rebound.
19:45 of 3rd period - Backhand shot by Mackie Samoskevich.
19:45 of 3rd period - Shot Misses the Net.
19:47 of 3rd period - Snap shot by Mackie Samoskevich.
19:47 of 3rd period - Stopped by Collin Delia with a rebound.
19:49 of 3rd period - Snap shot by Henry Thrun.
19:49 of 3rd period - Shot Misses the Net.
19:51 of 3rd period - Snap shot by Eric Staal.
19:51 of 3rd period - Shot Misses the Net.
19:53 of 3rd period - Wrist shot by Henry Thrun.
19:53 of 3rd period - Shot Misses the Net.
19:55 of 3rd period - Wrist shot by Hunter Drew.
19:55 of 3rd period - Deflect By Mackie Samoskevich.
19:55 of 3rd period - Goal by Mackie Samoskevich - Heat : 1 - Eagles : 1.
19:55 of 3rd period - Henrik Tikkanen from Heat was sent back in the game.
19:56 of 3rd period - Leo Carlsson wins face-off versus Adam Fantilli in neutral zone.
Goals for this period are 1 for Heat vs 0 for Eagles.
Shots for this period are 8 for Heat vs 9 for Eagles.
Overtime #1
0:01 of 1st overtime period - Adam Fantilli wins face-off versus Jonny Brodzinski in neutral zone.
0:08 of 1st overtime period - Snap shot by Hudson Elynuik.
0:08 of 1st overtime period - Deflect By Adam Fantilli.
0:08 of 1st overtime period - Goal by Adam Fantilli - Heat : 2 - Eagles : 1.
Goals for this period are 1 for Heat vs 0 for Eagles.
Shots for this period are 1 for Heat vs 0 for Eagles.